Map: Orbital Shipyard

Players

chud - Winner!

  • Race: Terran Terran
  • League: Gold

LilDicky

  • Race: Zerg Zerg
  • League: Diamond

VOD

http://www.twitch.tv/tumescentpie

Description

Time

  • Played on: Dec. 15, 2015, 9:17 p.m.
  • Length: 11:24
Show
View Real Time Build Order
Export as new Build Order

chud Terran - Winner!

Build Orders:  

Get SALT Encoding   

  12  0:01  SCV  
  13  0:13  SCV  
  14  0:19  Supply Depot  
  14  0:25  SCV  
  15  0:41  SCV  
  15  0:42  Barracks  
  16  0:47  Refinery  
  16  0:53  SCV  
  17  1:05  SCV  
  18  1:17  SCV  
  19  1:29  Supply Depot  
  19  1:31  Reaper, Orbital Command  
  20  1:55  Refinery  
  20  2:02  Barracks  
  20  2:11  SCV  
  21  2:17  Factory  
  21  2:20  Marine  
  22  2:23  SCV  
  22  2:43  SCV  
  23  2:44  Marine  
  24  2:52  Barracks Reactor  
  24  2:55  Barracks  
  25  2:58  SCV, Engineering Bay  
  25  3:07  Command Center, Barracks Reactor  
  25  3:09  Factory Tech Lab  
  25  3:17  SCV  
  26  3:24  Supply Depot  
  26  3:29  SCV  
  26  3:34  Siege Tank  
  30  3:41  Terran Infantry Weapons Level 1  
  30  3:43  SCV  
  31  3:53  Barracks Tech Lab  
  31  3:56  Marine x4  
  31  4:01  SCV  
  36  4:16  Marauder, Marine  
  39  4:18  Marine x3  
  39  4:23  Supply Depot  
  42  4:26  Siege Tank  
  45  4:32  SCV  
  45  4:38  Marauder  
  48  4:40  Stimpack  
  48  4:46  Starport  
  48  4:54  Marine  
  48  4:55  Marine x3  
  48  4:59  Marauder  
  54  5:02  SCV  
  54  5:06  Orbital Command  
  55  5:22  Marine x4  
  55  5:23  Marauder  
  61  5:37  SCV  
  62  6:02  Terran Infantry Armor Level 1  
  62  6:03  SCV, Marine x3  
  62  6:04  Marauder  
  68  6:05  Supply Depot, Starport Reactor  
  67  6:24  Marine x3  
  70  6:27  Marine  
  71  6:33  Marauder  
  71  6:35  Siege Tank  
  76  6:45  Supply Depot  
  76  6:46  SCV x2  
  78  6:47  Armory  
  78  6:48  Liberator  
  78  6:51  Refinery  
  78  7:06  Medivac  
  69  7:16  Marine x3  
  69  7:17  Marine  
  69  7:19  Marauder  
  75  7:25  Supply Depot  
  75  7:29  SCV  
  76  7:30  SCV  
  76  7:31  Siege Tank  
  76  7:34  Marine x4  
  84  7:40  Marauder  
  86  7:47  SCV  
  86  7:49  Refinery  
  86  7:50  Supply Depot  
  87  7:55  Terran Infantry Weapons Level 2  
  87  8:01  Marine x4  
  87  8:03  Marauder  
  87  8:04  Concussive Shells  
  93  8:33  Marine x2  
  93  8:34  Marine x2  
  96  8:35  Marauder  
  97  8:46  Liberator  
  97  8:54  Marine x4  
  101  9:00  Supply Depot  
  101  9:01  SCV  
  102  9:03  SCV, Medivac  
  90  9:39  Marine x5  
  93  9:57  SCV x2, Marine  
  93  9:58  Marauder  
  88  10:17  Marine x4  
  89  10:40  SCV  
  89  10:41  SCV  
  91  10:43  Supply Depot, Medivac  
  91  10:49  Siege Tank, Marine x3  
  101  10:50  Marine  
  101  10:51  Marauder  
Show
View Real Time Build Order
Export as new Build Order

LilDicky Zerg 

Build Orders: Hatch First, Lurkers 

Get SALT Encoding   

  12  0:04  Drone  
  13  0:16  Drone  
  14  0:26  Extractor  
  14  0:27  Extractor  
  12  0:32  Drone  
  12  0:33  Drone  
  16  0:45  Hatchery  
  15  1:02  Spawning Pool  
  14  1:40  Hatchery  
  14  1:41  Extractor  
  12  1:48  Queen  
  12  1:50  Overlord  
  14  1:57  Queen  
  14  2:00  Zergling x2  
  17  2:03  Zergling x2  
  18  2:50  Queen  
  20  2:54  Metabolic Boost  
  20  2:56  Drone  
  20  2:57  Drone x3  
  24  3:17  Drone x4  
  28  3:20  Drone  
  29  3:36  Queen  
  29  3:40  Lair  
  31  3:52  Drone x3  
  34  4:02  Evolution Chamber  
  33  4:03  Evolution Chamber  
  33  4:07  Extractor  
  31  4:18  Overlord  
  31  4:36  Zerg Melee Weapons Level 1  
  31  4:46  Drone x4  
  31  4:47  Drone x7  
  31  4:49  Overlord  
  41  5:37  Overlord, Spine Crawler x2, Zergling x2  
  41  5:38  Overlord x2, Spine Crawler  
  39  5:55  Spine Crawler x3  
  36  5:58  Spine Crawler  
  35  6:25  Zergling x18  
  39  6:26  Zergling x14  
  50  6:50  Drone  
  50  6:51  Drone  
  50  6:52  Hydralisk Den  
  51  6:55  Baneling Nest, Drone  
  51  6:56  Drone  
  46  7:14  Drone  
  46  7:15  Drone x4  
  47  7:41  Lurker Den  
  47  7:42  Hydralisk  
  47  7:43  Hydralisk  
  51  7:44  Overlord x3  
  51  8:03  Centrifical Hooks  
  51  8:11  Baneling  
  51  8:13  Baneling  
  51  8:33  Hydralisk x11  
  73  8:59  Overlord x3  
  73  9:07  Lurker  
  73  9:08  Lurker x2  
  42  10:07  Hydralisk x8  
  52  10:32  Queen x2  
  52  10:35  Hydralisk  
  56  10:36  Hydralisk x2  
  60  10:49  Extractor  
  59  10:50  Extractor  
  58  11:00  Hydralisk x2  
  58  11:10  Lurker x2  
Tags
 
Add a new tag
Caveats
  • Supply blocks, unpowered buildings, or Contaminate may cause inaccurate times.
  • Supply counts are checked every 10 seconds.